 Dungeon Crawl Stone Soup version 0.21-a0-521-g1cd18d1 (webtiles) character file.

13530 slep the Cleaver (level 12, -4/64 HPs)
             Began as a Vine Stalker Monk on Dec 6, 2017.
             Was a High Priest of Okawaru.
             Slain by a crocodile (6 damage)
             ... on level 11 of the Dungeon.
             The game lasted 00:55:16 (9919 turns).

slep the Cleaver (Vine Stalker Monk)                Turns: 9919, Time: 00:55:17

Health: -4/64      AC: 14    Str: 18    XL:     12   Next: 7%
Magic:  0/13       EV: 14    Int:  7    God:    Okawaru [*****.]
Gold:   374        SH:  0    Dex: 20    Spells: 11/11 levels left

rFire    . . .     SeeInvis +   F - +10 war axe "Stringbean" {drain, rPois rC+ Int-3 Dex+2}
rCold    + . .     Gourm    .   (no shield)
rNeg     . . .     Faith    .   M - +3 ring mail {rPois}
rPois    +         Spirit   +   U - +0 helmet
rElec    .         Reflect  .   N - +0 cloak
rCorr    .         Harm     .   d - +0 pair of gloves (curse)
MR       ++...     Rnd*Rage +   P - +0 pair of boots
Stlth    +++.......             (no amulet)
HPRegen  1.00/turn              H - ring of protection from magic
MPRegen  0.13/turn              (no ring)

@: no status effects
A: fangs 3, hooves 1, see invisible, berserk 1, blink, regeneration 2, screaming
1, magic shield, antimagic bite, no potion heal 3, rot immunity, MP-powered
wands
a: Blink, Heroism, Finesse, Renounce Religion


You were on level 11 of the Dungeon.
You worshipped Okawaru.
Okawaru was extremely pleased with you.
You were not hungry.

You visited 3 branches of the dungeon, and saw 13 of its levels.

You collected 530 gold pieces.
You spent 156 gold pieces at shops.

Inventory:

Hand Weapons
 m - a +4 morningstar of freezing
 u - the +6 hand axe "Fuiguole" {elec, MR+ Int+5}
   (You found it on level 4 of the Dungeon)

   Occasionally, upon striking a foe, it will discharge some electrical energy
   and cause terrible harm.
   It affects your intelligence (+5).
   It affects your resistance to hostile enchantments.
 F - the +10 war axe "Stringbean" (weapon) {drain, rPois rC+ Int-3 Dex+2}
   (You found it on level 7 of the Dungeon)

   A truly terrible weapon, it drains the life of those it strikes.
   It affects your intelligence (-3).
   It affects your dexterity (+2).
   It protects you from cold.
   It protects you from poison.
Missiles
 T - 98 sling bullets
Armour
 d - a cursed +0 pair of gloves (worn)
 x - a +1 pair of gloves
 M - a +3 ring mail of poison resistance (worn)
 N - a +0 cloak (worn)
 P - a +0 pair of boots (worn)
 U - a +0 helmet (worn)
Magical Staves
 w - an uncursed staff of fire
Jewellery
 H - a ring of protection from magic (left hand)
Wands
 a - a wand of digging (18)
 h - a wand of random effects (26)
 y - a wand of flame (23)
 I - a wand of acid (8)
 O - a wand of paralysis (9)
 R - a wand of polymorph (36)
Scrolls
 e - a scroll of enchant armour
 g - 7 scrolls of identify
 j - a scroll of enchant weapon
 n - 2 scrolls of magic mapping
 o - 5 scrolls of remove curse
 q - 3 scrolls of fear {unknown}
 v - a scroll of blinking {unknown}
 C - a scroll of amnesia {unknown}
 E - 4 scrolls of teleportation {unknown}
 G - a scroll of noise {unknown}
 J - a scroll of immolation {unknown}
 L - a scroll of fog {unknown}
Potions
 b - a potion of might
 i - 5 potions of curing
 l - 7 potions of flight {unknown}
 p - 5 potions of brilliance {unknown}
 r - a potion of magic
 t - a potion of cancellation {unknown}
 z - 2 potions of lignification {unknown}
 A - 3 potions of berserk rage {unknown}
 D - a potion of haste {unknown}
 K - a potion of invisibility {unknown}
 Q - 3 potions of mutation
Comestibles
 c - 10 bread rations
 f - 6 fruits
 k - 3 meat rations
 s - 3 royal jellies
 B - 7 chunks of flesh


   Skills:
 + Level 8.1 Fighting
 + Level 12.3 Axes
 + Level 6.8 Armour
 + Level 5.2 Dodging
 + Level 6.5 Stealth


You had 11 spell levels left.
You didn't know any spells.

Dungeon Overview and Level Annotations

Branches:
Dungeon (11/15)            Temple (1/1) D:7            Lair (1/6) D:11
    Orc (0/2) D:11

Altars:
Ashenzari
Cheibriados
Dithmenos
Elyvilon
Fedhas
Gozag
Hepliaklqana
Kikubaaqudgha
Makhleb
Nemelex Xobeh
Okawaru
Qazlal
Ru
Sif Muna
Trog
Uskayaw
Vehumet
Wu Jian
Xom
Yredelemnul
Zin
The Shining One

Shops:
D:9 !

Annotations:
Lair:1 Nergalle


Innate Abilities, Weirdness & Mutations

You have razor-sharp teeth.
You heal very quickly.
When hurt, damage is shared between your health and your magic reserves.
Your bite disrupts and absorbs the magic of your enemies.
Potions cannot restore your health.
You are immune to rotting.
You have large cloven feet.
You have supernaturally acute eyesight. (SInv)
You tend to lose your temper in combat.
You can translocate small distances at will.
You occasionally shout uncontrollably at your foes.
You expend magic power (3 MP) to strengthen your wands.


Message History

The crocodile closely misses you.
You slice one of the eight-headed hydra's heads off!
The seven-headed hydra grows two more!
You slash the nine-headed hydra! You drain the nine-headed hydra!
You bite the nine-headed hydra. You drain its power.
You feel invigorated.
The nine-headed hydra is severely wounded.
You hit the crocodile.
The nine-headed hydra barely misses you.
The nine-headed hydra bites you but does no damage. x2
The nine-headed hydra closely misses you.
The nine-headed hydra bites you.
* * * LOW HITPOINT WARNING * * *
The nine-headed hydra bites you!
* * * LOW HITPOINT WARNING * * *
The nine-headed hydra bites you but does no damage.
The nine-headed hydra barely misses you.
The nine-headed hydra bites you!
* * * LOW HITPOINT WARNING * * *
The crocodile bites you!
You die...

############# ##...........#
##...###......# ##PP...##t.D...#
#PPP.)..#.@....############ ###
#PPP....#.......#.....^...# ..#
#PPPP...........#.......... .(#
#PPPP..P........#..........
..#####PPP.P................###.#
......#P...PP...............#^..#
.######P.>.PP...................#
......#P..PPP.#######.#####.....#
.#.†..#PPPPPP.# #............###


You could see a nine-headed hydra and a crocodile.

Vanquished Creatures
  Fannar (Lair:1)
  2 two-headed ogres
  The ghost of Piginabag the Covered, a novice GnWn of Fedhas (D:9)
  Joseph (D:11)
  A black mamba (Lair:1)
  A spiny frog (Lair:1)
  A komodo dragon (D:11)
  A hornet (D:8)
  A hippogriff (D:11)
  Sigmund (D:5)
  Eustachio (D:4)
  A wyvern (D:11)
  8 yaks
  Grum (D:8)
  A spriggan (D:10)
  The ghost of RighteousDevil the Skirmisher, an amateur BaFi (D:4)
  4 hungry ghosts
  A water moccasin (Lair:1)
  Duvessa (D:6)
  A porcupine (D:10)
  An orc warrior (D:7)
  5 ice beasts
  4 sky beasts
  3 phantoms
  2 black bears (D:6)
  2 wolves (D:8)
  7 ogres
  12 centaurs
  5 crocodiles
  5 bullfrogs
  Dowan (D:6)
  5 scorpions
  5 killer bees (D:8)
  17 wights
  2 howler monkeys
  4 crimson imps
  2 jellies
  3 hounds
  3 orc priests
  2 centaur skeletons
  A bullfrog skeleton (D:7)
  7 iguanas
  6 orc wizards
  Crazy Yiuf (D:6)
  Jessica (D:3)
  Ijyb (D:3)
  5 worker ants
  2 hound skeletons
  A howler monkey zombie (D:6)
  4 gnolls (D:7)
  A howler monkey skeleton (D:5)
  10 adders
  2 river rats (Lair:1)
  A shadow imp (D:7)
  A white imp (D:4)
  2 oozes
  2 adder skeletons
  A dart slug (D:3)
  3 leopard geckos
  23 orcs
  2 giant cockroaches
  6 goblins
  10 hobgoblins
  10 jackals
  3 quokkas
  A ball python (D:1)
  6 bats
  7 frilled lizards
  A goblin skeleton (D:4)
  A goblin zombie (D:4)
  A hobgoblin zombie (D:4)
  5 kobolds
  A kobold skeleton (D:4)
  An orc skeleton (D:4)
  2 orc zombies (D:4)
  A quokka zombie (D:8)
  3 rats
257 creatures vanquished.

Vanquished Creatures (others)
  A plant (D:11)
1 creature vanquished.

Grand Total: 258 creatures vanquished

Notes
Turn   | Place    | Note
-------+----------+-------------------------------------------
     0 | D:1      | slep the Vine Stalker Monk began the quest for the Orb.
     0 | D:1      | Reached XP level 1. HP: 11/11 MP: 2/2
    72 | D:1      | Reached XP level 2. HP: 10/16 MP: 3/3
   259 | D:1      | Reached skill level 3 in Axes
   522 | D:1      | Reached XP level 3. HP: 4/20 MP: 2/4
  1445 | D:2      | Gained mutation: Your natural rate of healing is unusually fast. [Vine Stalker growth]
  1445 | D:2      | Reached XP level 4. HP: 16/24 MP: 2/5
  1552 | D:2      | HP: 1/24 [poisoned by an adder]
  1557 | D:2      | HP: 1/24 [poisoned by an adder]
  1562 | D:2      | HP: 1/24 [poisoned by an adder]
  2103 | D:3      | Noticed Jessica
  2114 | D:3      | Killed Jessica
  2114 | D:3      | Reached skill level 1 in Armour
  2114 | D:3      | Reached XP level 5. HP: 28/28 MP: 6/6
  2156 | D:3      | Noticed Sigmund
  2340 | D:3      | Found an ornate altar of the Wu Jian Council.
  2411 | D:3      | Noticed Ijyb
  2433 | D:3      | Killed Ijyb
  2433 | D:3      | Reached skill level 4 in Axes
  2709 | D:4      | Noticed Eustachio
  2750 | D:4      | Got a transparent hand axe
  2751 | D:4      | Identified the +6 hand axe "Fuiguole" {elec, MR+ Int+5} (You found it on level 4 of the Dungeon)
  2790 | D:4      | Reached XP level 6. HP: 26/32 MP: 4/7
  2921 | D:4      | Found a glowing golden altar of the Shining One.
  2924 | D:4      | Noticed RighteousDevil's ghost (amateur BaFi)
  2941 | D:4      | Killed RighteousDevil's ghost
  3079 | D:5      | Entered Level 5 of the Dungeon
  3169 | D:5      | Reached XP level 7. HP: 36/37 MP: 6/8
  3268 | D:5      | Killed Sigmund
  3268 | D:5      | Reached skill level 5 in Axes
  3276 | D:5      | Found a hazy altar of Hepliaklqana.
  3704 | D:6      | Noticed a two-headed ogre
  3855 | D:4      | Killed Eustachio
  3855 | D:4      | Gained mutation: You have razor-sharp teeth. [Vine Stalker growth]
  3855 | D:4      | Reached XP level 8. HP: 42/42 MP: 9/9
  4066 | D:4      | Reached skill level 6 in Axes
  4149 | D:4      | Found a white marble altar of Elyvilon.
  4149 | D:4      | Found a deep blue altar of Sif Muna.
  4459 | D:6      | Found a runed door.
  4534 | D:7      | Reached skill level 7 in Axes
  4596 | D:7      | Reached XP level 9. HP: 41/46 MP: 10/10
  4641 | D:7      | Got a brightly glowing war axe
  4654 | D:7      | Reached skill level 5 in Fighting
  4659 | D:7      | Identified the +10 war axe "Stringbean" {drain, rPois rC+ Int-3 Dex+2} (You found it on level 7 of the Dungeon)
  5140 | D:7      | Found a staircase to the Ecumenical Temple.
  5146 | Temple   | Entered the Ecumenical Temple
  5621 | D:6      | Reached skill level 8 in Axes
  5715 | D:6      | Killed a two-headed ogre
  5715 | D:6      | Reached skill level 5 in Armour
  5715 | D:6      | Reached skill level 5 in Stealth
  5892 | D:6      | Noticed Duvessa
  6180 | D:7      | Reached skill level 9 in Axes
  6180 | D:7      | Reached XP level 10. HP: 51/53 MP: 11/11
  6288 | D:6      | Noticed Dowan
  6297 | D:6      | Killed Duvessa
  6299 | D:6      | Killed Dowan
  6376 | D:6      | Noticed Crazy Yiuf
  6379 | D:6      | Killed Crazy Yiuf
  6543 | D:8      | Gained mutation: You have large cloven feet. [mutagenic meat]
  6544 | D:8      | Gained mutation: You expend magic power (3 MP) to strengthen your wands. [mutagenic meat]
  6546 | D:8      | Gained mutation: You can translocate small distances at will. [mutagenic meat]
  6547 | D:8      | Gained mutation: You occasionally shout uncontrollably at your foes. [mutagenic meat]
  6548 | D:8      | Gained mutation: You tend to lose your temper in combat. [mutagenic meat]
  6843 | D:8      | Noticed Grum
  6850 | D:8      | Killed Grum
  6853 | D:8      | Found a blossoming altar of Fedhas.
  7148 | D:9      | Noticed Piginabag's ghost (novice GnWn)
  7152 | D:9      | Reached skill level 10 in Axes
  7386 | D:8      | Found an iron altar of Okawaru.
  7390 | D:8      | Became a worshipper of Warmaster Okawaru
  7390 | D:8      | Reached * piety under Okawaru
  7390 | D:8      | Reached ** piety under Okawaru
  7546 | D:9      | Found an opulent altar of Gozag.
  7626 | D:9      | HP: 1/53 [Piginabag's ghost (16)]
  7726 | D:9      | Killed Piginabag's ghost
  7773 | D:9      | Identified the Volume of Feathers
  7832 | D:9      | Found Plog's Distillery.
  7844 | D:9      | Bought a potion of mutation for 104 gold pieces
  7844 | D:9      | Bought a potion of might for 52 gold pieces
  7851 | D:10     | Entered Level 10 of the Dungeon
  8080 | D:10     | Reached XP level 11. HP: 58/58 MP: 12/12
  8196 | D:10     | Reached *** piety under Okawaru
  8581 | D:9      | Reached skill level 11 in Axes
  8585 | D:9      | Gained mutation: You have supernaturally acute eyesight. (SInv) [mutagenic meat]
  8586 | D:9      | Gained mutation: Your mind is acute. (Int +2) [mutagenic meat]
  8588 | D:9      | Lost mutation: Your mind is acute. (Int +2) [mutagenic meat]
  8737 | D:9      | Got a scorched ring mail
  8753 | D:9      | Identified the cursed +0 ring mail of the Eternal Void {Str+4} (You found it on level 9 of the Dungeon)
  9271 | D:11     | Reached skill level 5 in Dodging
  9474 | D:11     | Reached **** piety under Okawaru
  9505 | D:11     | Noticed a two-headed ogre
  9573 | D:11     | Noticed Joseph
  9587 | D:11     | Killed Joseph
  9662 | D:11     | Killed a two-headed ogre
  9662 | D:11     | Reached ***** piety under Okawaru
  9672 | D:11     | Found a staircase to the Orcish Mines.
  9736 | D:11     | Found a staircase to the Lair.
  9767 | Lair:1   | Entered Level 1 of the Lair of Beasts
  9787 | Lair:1   | Noticed Fannar
  9793 | Lair:1   | Reached skill level 12 in Axes
  9795 | Lair:1   | Killed Fannar
  9798 | Lair:1   | Gained mutation: You heal very quickly. [Vine Stalker growth]
  9798 | Lair:1   | Reached XP level 12. HP: 64/64 MP: 13/13
  9805 | Lair:1   | Noticed a four-headed hydra
  9807 | Lair:1   | Noticed Nergalle
  9823 | Lair:1   | HP: 2/64 [crocodile (9)]
  9919 | D:11     | HP: 2/64 [nine-headed hydra (8)]
  9919 | D:11     | Slain by a crocodile

Vault maps used:
D:1:      lemuel_arrival_broad_hall
D:3:      nicolae_overflow_hidden_temple, uniq_sigmund, uniq_jessica, uniq_ijyb
D:4:      gammafunk_temple_overflow_pools, nicolae_tso_besieged_by_evil,
          uniq_eustachio
D:5:      kennysheep_mini_moat, first_bread
D:6:      uniq_crazy_yiuf_cottage, uniq_duvessa
D:7:      minmay_temple_entry_enclosed_plants
D:8:      marbit_many_paths, kennysheep_little_box, uniq_grum
D:9:      serial_shops, nicolae_shop_waterfront, basic_altar
D:10:     the_bakery
D:11:     david_lair_shrubbed, orc_0_dummy, minmay_misc_feat_enclosed,
          minmay_sticks_and_stones
Temple:   regret_index_temple_generic_petals
Lair:1:   kennysheep_rathole, uniq_fannar, uniq_nergalle, uniq_joseph

Skill      XL: |  1  2  3  4  5  6  7  8  9 10 11 |
---------------+----------------------------------+-----
Fighting       | 3 4 5 6 8 |  8.1
Axes           | 3 4 5 7 9 10 12 | 12.3
Stealth        | 3 4 5 6 |  6.5
Armour         | 1 2 3 4 5 6 |  6.8
Dodging        | 3 4 5 |  5.2

Action                   |  1- 3 |  4- 6 |  7- 9 | 10-12 || total
-------------------------+-------+-------+-------+-------++-------
Melee: Hand axe          |    87 |   132 |   102 |       ||   321
       Bite              |    20 |    41 |    48 |   100 ||   209
       War axe           |       |       |    60 |   316 ||   376
 Abil: Blink             |       |       |       |     2 ||     2
  Use: Potion            |     2 |       |     1 |       ||     3
       Scroll            |       |       |       |     5 ||     5
 Stab: Sleeping          |     7 |     3 |     4 |     8 ||    22
  Eat: Chunk             |     2 |     5 |    13 |    25 ||    45
       Fruit             |       |       |       |     2 ||     2
Armor: Robe              |    12 |       |       |       ||    12
       Leather armour    |     5 |    22 |    26 |     3 ||    56
       Scale mail        |       |     9 |    16 |       ||    25
       Ring mail         |       |       |       |   110 ||   110
Dodge: Dodged            |    73 |    80 |   110 |   230 ||   493

Table legend:
 A = Spawn XP
 B = Non-spawn XP
 C = Spawn XP percentage of total XP
 D = Spawn monster count
 E = Non-spawn monster count
 F = Spawn count percentage of total count
 G = Total turns spent on level
                    A         B        C        D         E        F      G
               +---------+---------+-------+---------+---------+-------+---------
         Total |       0 |   19329 |   0.0 |       0 |     257 |   0.0 |  9919
               +---------+---------+-------+---------+---------+-------+---------
           D:1 |       0 |      42 |   0.0 |       0 |      25 |   0.0 |  1112
           D:2 |       0 |      96 |   0.0 |       0 |      18 |   0.0 |   866
           D:3 |       0 |     124 |   0.0 |       0 |      16 |   0.0 |   962
           D:4 |       0 |     737 |   0.0 |       0 |      21 |   0.0 |   803
           D:5 |       0 |     310 |   0.0 |       0 |      11 |   0.0 |   545
           D:6 |       0 |    1666 |   0.0 |       0 |      15 |   0.0 |   984
           D:7 |       0 |    2017 |   0.0 |       0 |      35 |   0.0 |   908
           D:8 |       0 |    2199 |   0.0 |       0 |      23 |   0.0 |   973
           D:9 |       0 |    2680 |   0.0 |       0 |      34 |   0.0 |  1126
          D:10 |       0 |    1186 |   0.0 |       0 |      14 |   0.0 |   806
          D:11 |       0 |    5225 |   0.0 |       0 |      32 |   0.0 |   521
        Lair:1 |       0 |    3047 |   0.0 |       0 |      13 |   0.0 |    57
               +---------+---------+-------+---------+---------+-------+---------
